 Dungeon Crawl Stone Soup version 0.29.1-12-g30fa7ad0bf (webtiles) character file.

Game seed: 12578323134972909275

1836 fantasyman the Cleaver (level 8, -9/106 HPs)
             Began as a Minotaur Fighter on Dec 20, 2022.
             Was an Initiate of the Shining One.
             Killed by divine providence
             ... invoked by an orc priest
              (13 damage)
             ... on level 7 of the Dungeon.
             The game lasted 00:08:35 (8309 turns).

fantasyman the Cleaver (Minotaur Fighter)           Turns: 8309, Time: 00:08:35

Health: -9/106     AC: 15    Str: 24    XL:     8   Next: 87%
Magic:  7/7        EV:  6    Int:  5    God:    the Shining One [......]
Gold:   379        SH: 11    Dex:  9    Spells: 7/7 levels left

rFire   . . .      SeeInvis .   h - +8 club
rCold   . . .      Faith    .   r - +2 kite shield
rNeg    . . .      Spirit   .   q - +0 plate armour
rPois   .          Reflect  .   (helmet restricted)
rElec   .          Harm     +   o - scarf {harm}
rCorr   .          Rampage  .   v - +0 pair of gloves
Will    .....                   (no boots)
Stlth   ..........              b - amulet of the acrobat
HPRegen 0.27/turn               j - +4 ring of slaying
MPRegen 0.10/turn               (no ring)

@: berserking, glowing, studying Axes, very quick
A: horns 2, retaliatory headbutt
a: Renounce Religion


You were on level 7 of the Dungeon.
You worshipped the Shining One.
The Shining One was noncommittal.
You visited 2 branches of the dungeon, and saw 8 of its levels.

You collected 416 gold pieces.
You donated 37 gold pieces to Zin.

Inventory:

Hand Weapons
 a - a +0 war axe
 h - a +8 club (weapon)
Armour
 o - a scarf of harm (worn)
 q - a +0 plate armour (worn)
 r - a +2 kite shield (worn)
 v - a +0 pair of gloves (worn)
Jewellery
 b - an amulet of the acrobat (around neck)
 j - a +4 ring of slaying (left hand)
Wands
 f - a wand of charming (4)
Scrolls
 i - a scroll of amnesia
 m - a scroll of silence {unknown}
 s - a scroll of enchant armour
 x - a scroll of identify
 y - a scroll of teleportation
 z - a scroll of butterflies
Potions
 c - a potion of cancellation
 d - a potion of might
 e - a potion of ambrosia
 g - a potion of berserk rage
 k - 2 potions of curing {unknown}
 l - 3 potions of invisibility {unknown}
 n - 3 potions of heal wounds {unknown}
 p - 3 potions of lignification {unknown}
 t - a potion of mutation {unknown}
 u - 2 potions of resistance {unknown}
 w - 3 potions of brilliance {unknown}


   Skills:
 * Level 6.4 Fighting
 * Level 9.2 Axes
 * Level 9.1 Armour
 - Level 1.3 Dodging
 * Level 6.3 Shields


You had 7 spell levels left.
You didn't know any spells.
Your spell library contained the following spells:

 Spells                   Type           Power      Damage    Failure   Level
 Magic Dart               Conj           0%         1d3       100%        1
 Shock                    Conj/Air       0%         1d3       100%        1
 Call Imp                 Summ           0%         N/A       100%        2
 Confusing Touch          Hex            0%         N/A       100%        3
 Frozen Ramparts          Ice            0%         1d1       100%        3
 Mephitic Cloud           Conj/Pois/Air  0%         N/A       100%        3
 Swiftness                Air            0%         N/A       100%        3
 Airstrike                Air            0%         2d(0-16)  100%        4
 Ice Form                 Ice/Tmut       0%         N/A       100%        4
 Summon Ice Beast         Ice/Summ       0%         N/A       100%        4
 Yara's Violent Unravell  Hex/Tmut       0%         3d3       100%        5
 Enfeeble                 Hex            0%         N/A       100%        7


Dungeon Overview and Level Annotations

Branches:
Dungeon (7/15)             Temple (1/1) D:6

Altars:
Ashenzari
Cheibriados
Dithmenos
Elyvilon
Fedhas
Gozag
Hepliaklqana
Kikubaaqudgha
Makhleb
Nemelex Xobeh
Qazlal
Ru
Sif Muna
Trog
Uskayaw
Vehumet
Wu Jian
Xom
Yredelemnul
Zin
The Shining One

Shops:
D:6 *

Annotations:
D:3 2 transporters, warriortoast's ghost, amateur SpHu
D:7 Prince Ribbit


Innate Abilities, Weirdness & Mutations

You have a pair of horns on your head.
You reflexively headbutt those who attack you in melee.


Message History

The bolt hits you!
* * * LOW HITPOINT WARNING * * *
The orc attacks as you move away! You block the orc's attack.
Something barely misses you. Prince Ribbit misses you.
The orc warrior shoots a bolt.
You block the bolt. Prince Ribbit attacks as you move away!
Prince Ribbit hits you but does no damage.
Prince Ribbit blinks!
The orc attacks as you move away! The orc completely misses you.
Something hits you but does no damage. The orc attacks as you move away!
The orc hits you with a +0 mace.
* * * LOW HITPOINT WARNING * * *
Something hits you but does no damage.
You hear some strange, mumbled words.
You are confused.
You're too confused to move!
The orc hits you with a +0 mace.
* * * LOW HITPOINT WARNING * * *
Something hits you but does no damage.
You're too confused to move!
Something hits you but does no damage. The orc hits you but does no damage.
The orc barely misses you. The orc attacks as you move away!
The orc hits you but does no damage.
Prince Ribbit blinks!
Something barely misses you.
You completely miss something. Something hits you but does no damage.
The orc warrior shoots a bolt.
The bolt hits you.
* * * LOW HITPOINT WARNING * * *
The orc warrior shoots a bolt.
Reactivating autopickup.
You hit the orc. You headbutt the orc.
The orc is almost dead.
The orc hits you but does no damage.
You feel less confused.
Prince Ribbit blinks!
The orc completely misses you.
Prince Ribbit blinks!
A red film seems to cover your vision as you go berserk!
You feel yourself moving faster!
You feel mighty!
The orc warrior shoots a bolt.
You block the bolt.
You thump the orc!
You kill the orc!
The orc priest calls down the wrath of Beogh upon you.
Beogh smites you!
You die...

............................#
....#...........F..#####....###
#...#.............## #.......#
..###..(........... #......##
###...............#####.†.....#
...........o...#§...##........#
##..##.o..o..##...............#
#..###...##oo.#.......<.......#
#...o)....#..o#.@..............#
..#.......#oooo.).............##
..#...).......o.............###
............................#
.#.......................####
.##.....................##
..###....#...............
........###.###.......#.
......... ### .....##


You could see Prince Ribbit, an orc warrior, an orc priest and 3 orcs.

Vanquished Creatures
  A troll (D:5)
  A steam dragon (D:6)
  Edmund (D:5)
  2 black bears
  An ogre (D:3)
  A phantom (D:5)
  A bullfrog (D:7)
  Blork the orc (D:5)
  3 scorpions
  A howler monkey (D:7)
  5 jellies
  4 hounds
  Crazy Yiuf (D:5)
  Ijyb (D:5)
  4 iguanas (D:5)
  Natasha (thrice) (D:2)
  An orc wizard (D:3)
  4 gnolls
  6 adders
  An ufetubus (D:5)
  2 worms (D:3)
  3 dart slugs
  6 orcs
  5 bats
  5 endoplasms
  5 goblins
  5 hobgoblins
  4 quokkas
  4 ball pythons
  2 frilled lizards
  10 kobolds
  7 rats
101 creatures vanquished.

Vanquished Creatures (others)
  An orc wizard (D:7)
1 creature vanquished.

Grand Total: 102 creatures vanquished

Notes
Turn   | Place    | Note
-------+----------+-------------------------------------------
     0 | D:1      | fantasyman the Minotaur Fighter began the quest for the
                  | Orb.
     0 | D:1      | Reached XP level 1. HP: 19/19 MP: 0/0
    88 | D:1      | Reached XP level 2. HP: 24/27 MP: 1/1
   715 | D:2      | Found a faded altar of an unknown god.
   754 | D:2      | Noticed Natasha
   763 | D:2      | Killed Natasha
   764 | D:2      | Reached XP level 3. HP: 22/33 MP: 2/2
   781 | D:2      | Noticed Natasha
   793 | D:2      | Killed Natasha
   794 | D:2      | Reached skill level 1 in Dodging
   794 | D:2      | Reached XP level 4. HP: 31/41 MP: 3/3
   805 | D:2      | Noticed Natasha
   815 | D:2      | Killed Natasha
  1417 | D:3      | Reached XP level 5. HP: 47/47 MP: 4/4
  1651 | D:3      | Noticed an ogre
  1968 | D:3      | Killed an ogre
  1969 | D:3      | Reached skill level 5 in Armour
  2004 | D:3      | Reached XP level 6. HP: 15/55 MP: 5/5
  2006 | D:3      | Reached skill level 5 in Fighting
  2363 | D:3      | Noticed warriortoast's ghost (amateur SpHu)
  2414 | D:3      | Found a transporter.
  2456 | D:3      | Found a transporter.
  3606 | D:4      | Found a burning altar of Makhleb.
  4421 | D:5      | Entered Level 5 of the Dungeon
  4472 | D:5      | Reached skill level 5 in Axes
  4524 | D:5      | Found a runed translucent door.
  4525 | D:5      | Noticed Crazy Yiuf
  4543 | D:5      | Noticed Edmund
  4552 | D:5      | Killed Edmund
  4553 | D:5      | Reached XP level 7. HP: 55/61 MP: 6/6
  4580 | D:5      | Killed Crazy Yiuf
  4635 | D:5      | Reached skill level 5 in Shields
  4635 | D:5      | Found an ornate altar of the Wu Jian Council.
  4635 | D:5      | Found a hazy altar of Hepliaklqana.
  4643 | D:5      | Found a sparkling altar of Nemelex Xobeh.
  4645 | D:5      | Found a glowing silver altar of Zin.
  4647 | D:5      | Found an opulent altar of Gozag.
  4667 | D:5      | Became a worshipper of Zin the Law-Giver
  4667 | D:5      | Reached * piety under Zin
  4858 | D:5      | Reached ** piety under Zin
  5033 | D:5      | Noticed a troll
  5130 | D:5      | Identified a scroll of acquirement
  5130 | D:5      | Acquired a manual of Axes
  5727 | D:5      | Killed a troll
  5728 | D:5      | Reached XP level 8. HP: 39/70 MP: 7/7
  6297 | D:5      | Noticed Blork the orc
  6303 | D:5      | Killed Blork the orc
  6353 | D:5      | Noticed Ijyb
  6371 | D:5      | Killed Ijyb
  6894 | D:6      | Found a staircase to the Ecumenical Temple.
  6908 | Temple   | Entered the Ecumenical Temple
  7158 | Temple   | Fell from the grace of Zin
  7158 | Temple   | Became a worshipper of Elyvilon the Healer
  7242 | D:6      | Reached * piety under Elyvilon
  7244 | D:6      | Found Xask's Gadget Gallery.
  7280 | D:6      | Found a glowing golden altar of the Shining One.
  7282 | D:6      | Noticed an angel
  7712 | D:6      | Fell from the grace of Elyvilon
  7712 | D:6      | Became a worshipper of the Shining One
  7721 | D:6      | Found a basalt altar of Yredelemnul.
  7723 | D:6      | Noticed a profane servitor
  8278 | D:7      | Noticed Prince Ribbit
  8304 | D:7      | HP: 1/71 [orc warrior/bolt (7)]
  8309 | D:7      | Killed from afar by an orc priest

Illustrated notes

Levels and vault maps discovered:
D:1:      nagdon_arrival_double_spiral, layout_rooms, minmay_misc_feat_tower
D:2:      layout_rooms, hellmonk_ecumenical_altar_lost_god, uniq_natasha
D:3:      layout_loops_ring, gammafunk_ghost_stat_death, minmay_cut_off
D:4:      layout_basic, amcnicky_altar_gilded
D:5:      minmay_clustersquares, layout_basic,
          chequers_temple_overflow_minitemple, uniq_ijyb, uniq_edmund,
          uniq_blork_the_orc, uniq_crazy_yiuf_cottage
D:6:      layout_basic, grunt_temple_overflow_holy_war,
          minmay_temple_entry_slanted, nicolae_shop_gadgets
D:7:      layout_cave_pools, uniq_menkaure, uniq_prince_ribbit1
Temple:   nicolae_temple_figure_eight

Skill      XL: |  1  2  3  4  5  6  7  8 |
---------------+-------------------------+-----
Armour         | 4 5 6 7 9 |  9.1
Fighting       | 4 5 6 |  6.4
Shields        | 4 5 6 |  6.3
Axes           | 3 4 5 7 9 |  9.2
Dodging        | 1 |  1.3

Action                   |  1- 3 |  4- 6 |  7- 9 || total
-------------------------+-------+-------+-------++-------
Melee: War axe           |    37 |       |    53 ||    90
       Headbutt          |     8 |    18 |    18 ||    44
       Hand axe          |    10 |   122 |     2 ||   134
       Club              |       |       |    38 ||    38
  Use: Scroll            |     1 |     8 |     4 ||    13
       Potion            |       |       |     1 ||     1
Armor: Scale mail        |    12 |       |       ||    12
       Chain mail        |    18 |    16 |       ||    34
       Plate armour      |       |    44 |    70 ||   114
Dodge: Dodged            |    16 |    42 |    32 ||    90
Block: Buckler           |    13 |    27 |       ||    40
       Kite shield       |       |    15 |    62 ||    77
